 Seeded DCSS version 0.29.1-12-g30fa7ad0bf (webtiles) character file.

Game seed: 9845822215292249863 (custom seed)

2150 hikkokomori the Conjurer (level 9, 0/51 HPs)
             Began as an Octopode Conjurer on Jan 7, 2023.
             Was an Initiate of Gozag.
             Slain by an ogre
             ... wielding a +0 giant spiked club
              (11 damage)
             ... on level 6 of the Dungeon on Jan 8, 2023.
             The game lasted 00:10:00 (7065 turns).

hikkokomori the Conjurer (Octopode Conjurer)        Turns: 7065, Time: 00:10:00

Health: 0/51       AC:  1    Str:  6    XL:     9   Next: 31%
Magic:  14/18      EV: 13    Int: 24    God:    Gozag
Gold:   1179       SH:  0    Dex: 11    Spells: 13/20 levels left

rFire   + + .      SeeInvis +   k - staff of conjuration
rCold   . . .      Faith    .   (no shield)
rNeg    . . .      Spirit   .   (helmet restricted)
rPois   .          Reflect  .   v - amulet of magic regeneration
rElec   .          Harm     .   j - ring of willpower
rCorr   .          Rampage  .   y - ring of Lust {rF++ Will- Slay+5 SInv}
Will    .....                   (no ring)
Stlth   +++.......              (no ring)
HPRegen 0.17/turn               (no ring)
MPRegen 0.56/turn               (no ring)
                                (no ring)
                                (no ring)

@: no status effects
A: almost no armour, amphibious, 8 rings, camouflage 1, gelatinous body 1,
(nimble swimmer 1), tentacles
a: Renounce Religion, Potion Petition, Call Merchant, Bribe Branch


You were on level 6 of the Dungeon.
You worshipped Gozag.
Gozag was most pleased with you.
You visited 2 branches of the dungeon, and saw 7 of its levels.

You collected 3148 gold pieces.
You spent 844 gold pieces at shops.
You paid 1125 gold pieces to Gozag.

Inventory:

Hand Weapons
 c - a +0 spear
Armour
 o - a +0 buckler of fire resistance
Magical Staves
 k - a staff of conjuration (weapon)
Jewellery
 i - an amulet of the acrobat
 j - a ring of willpower (left tentacle)
 v - an amulet of magic regeneration (around mantle)
 y - the ring of Lust (right tentacle) {rF++ Will- Slay+5 SInv}
   (You bought it in a shop on level 5 of the Dungeon)

   [ring of see invisible]

   Slay:      It affects your accuracy & damage with ranged weapons and melee
   (+5).
   rF:        It greatly protects you from fire.
   SInv:      It lets you see invisible.
   Will:      It decreases your willpower.
 A - an amulet of guardian spirit
Wands
 w - a wand of mindburst (10)
Scrolls
 b - 5 scrolls of teleportation {unknown}
 d - 5 scrolls of identify {unknown}
 e - a scroll of blinking {unknown}
 h - 4 scrolls of amnesia {unknown}
 n - 2 scrolls of poison {unknown}
 q - a scroll of fear {unknown}
 r - 3 scrolls of butterflies {unknown}
 s - 2 scrolls of enchant weapon {unknown}
 t - a scroll of noise {unknown}
 x - a scroll of magic mapping {unknown}
 z - a scroll of vulnerability {unknown}
Potions
 a - 2 potions of magic
 f - 3 potions of heal wounds {unknown}
 g - 3 potions of curing {unknown}
 l - 2 potions of brilliance {unknown}
 m - a potion of ambrosia {unknown}
 p - a potion of might {unknown}
 u - a potion of lignification {unknown}


   Skills:
 - Level 2.0 Dodging
 - Level 4.0 Stealth
 + Level 3.4 Shields
 + Level 6.3 Spellcasting
 + Level 7.8 Conjurations
 + Level 6.0 Hexes


You had 13 spell levels left.
You knew the following spells:

 Your Spells              Type           Power      Damage    Failure   Level
a - Magic Dart            Conj           100%       1d8       1%          1
b - Fulminant Prism       Conj/Hex       28%        3d14      4%          4
c - Searing Ray           Conj           100%       2d8       1%          2

Your spell library contained the following spells:

 Spells                   Type           Power      Damage    Failure   Level
 Dazzling Flash           Conj/Hex       100%       N/A       1%          3
 Iskenderun's Mystic Bla  Conj/Tloc      39%        2d9       16%         4
 Gell's Gravitas          Tloc           7%         N/A       22%         3
 Lesser Beckoning         Tloc           7%         N/A       22%         3
 Teleport Other           Tloc           7%         N/A       22%         3


Dungeon Overview and Level Annotations

Branches:
Dungeon (6/15)             Temple (1/1) D:4

Altars:
Ashenzari
Cheibriados
Gozag
Hepliaklqana
Kikubaaqudgha
Makhleb
Nemelex Xobeh
Okawaru
Qazlal
Ru
Sif Muna
Trog
Uskayaw
Xom
Yredelemnul
Zin
The Shining One

Shops:
D:5 [=


Innate Abilities, Weirdness & Mutations

You cannot wear most types of armour.
You are amphibious.
You can wear up to eight rings at the same time.
Your skin changes colour to match your surroundings (Stealth+).
Your rubbery body absorbs attacks. (AC +1, EV +1)
((You are camouflaged when in or above water. (Stealth+)))
You have tentacles for arms and can constrict up to eight enemies at once.


Message History

You can't see any susceptible monsters within range! (Use Z to cast anyway.)
Found 6 stones.
You can't see any susceptible monsters within range! (Use Z to cast anyway.)
Found a falchion.
You can't see any susceptible monsters within range! (Use Z to cast anyway.)
You see here a +0 sling.
Found a stone staircase leading down.
You can't see any susceptible monsters within range! (Use Z to cast anyway.)
You see here a +0 falchion.
An ogre comes into view. It is wielding a +0 giant spiked club.
You feel a surge of power!
The magic dart hits the ogre.
The ogre is lightly wounded.
An ogre is nearby!
You feel a surge of power!
The magic dart hits the ogre!
The ogre is heavily wounded.
An ogre is nearby!
You feel a surge of power!
The magic dart hits the ogre.
The ogre is heavily wounded.
An ogre is nearby!
You feel a surge of power!
The magic dart hits the ogre.
The ogre is severely wounded.
You feel a surge of power!
The magic dart hits the ogre.
The ogre is severely wounded.
The ogre hits you with a +0 giant spiked club!!!
Ouch! That really hurt!
* * * LOW HITPOINT WARNING * * *
You are too injured to fight recklessly!
Casting: Magic Dart (safe; 1% risk of failure)
Confirm with . or Enter, or press ? or * to list all spells.
Aiming: Searing Ray (safe; 1% risk of failure)
Press: ? - help, Shift-Dir - straight line, f/p - ogre
Aim: an ogre, wielding a +0 giant spiked club (severely wounded, 92% to hit)
You feel a surge of power!
The searing ray misses the ogre. (Press . to maintain the ray.) Unknown command.
The searing ray hits the ogre.
The ogre is almost dead.
The ogre hits you with a +0 giant spiked club!
You die...
Your body crumbles into a pile of gold.

.......#
##'##.##.......######
.......#
#.....##.##.####
.......#
#.....#..##.# #######
#.....#.###.#
#.....#.# #..
#..###.# ###
###......# #.....####
#.#..@# # ###O# ..# $
...# $ ...## ....
..### .#.


You could see an ogre.

Vanquished Creatures
  Pikel (D:4)
  Grinder (D:6)
  Eustachio (D:4)
  Menkaure (D:4)
  An ice beast (D:5)
  A black bear (D:5)
  2 ogres
  3 lemures (D:4)
  A kobold brigand (D:6)
  A necrophage (D:5)
  2 scorpions
  A howler monkey (D:5)
  3 hounds
  A gnoll bouda (D:5)
  3 orc priests
  2 iguanas
  Natasha (thrice) (D:3)
  An orc wizard (D:4)
  7 adders
  9 gnolls
  2 ufetubi (D:5)
  2 worms
  2 dart slugs (D:1)
  21 orcs
  8 endoplasms
  3 giant cockroaches
  3 goblins
  4 hobgoblins
  4 jackals (D:5)
  13 kobolds
  7 quokkas
  7 ball pythons
  9 bats
  3 frilled lizards
  5 rats
  A fulminant prism (D:6)
139 creatures vanquished.

Vanquished Creatures (others)
  24 fulminant prisms
  3 plants (D:6)
27 creatures vanquished.

Grand Total: 166 creatures vanquished

Notes
Turn   | Place    | Note
-------+----------+-------------------------------------------
     0 | D:1      | hikkokomori the Octopode Conjurer began the quest for the
                  | Orb.
     0 | D:1      | Reached XP level 1. HP: 11/11 MP: 3/3
    71 | D:1      | Reached XP level 2. HP: 11/17 MP: 0/5
   595 | D:1      | Reached XP level 3. HP: 21/21 MP: 4/6
  1122 | D:1      | Identified 3 scrolls of acquirement
  1122 | D:1      | Acquired 830 gold pieces
  1123 | D:1      | Acquired 738 gold pieces
  1124 | D:1      | Acquired 952 gold pieces
  1225 | D:2      | Found a faded altar of an unknown god.
  1411 | D:2      | Reached XP level 4. HP: 27/27 MP: 6/8
  1416 | D:2      | Learned a level 4 spell: Fulminant Prism
  2244 | D:3      | Reached skill level 1 in Hexes
  2344 | D:3      | Reached XP level 5. HP: 31/31 MP: 7/9
  2726 | D:3      | Noticed Natasha
  2746 | D:3      | Killed Natasha
  2747 | D:3      | Reached skill level 5 in Conjurations
  2902 | D:3      | Found the +4 robe of Augmentation {Str+4 Int+4 Dex+4}
  3046 | D:3      | Noticed Natasha
  3049 | D:3      | Killed Natasha
  3117 | D:3      | Noticed Natasha
  3123 | D:3      | Killed Natasha
  3517 | D:4      | Noticed Eustachio
  3764 | D:3      | Learned a level 2 spell: Searing Ray
  4042 | D:4      | Killed Eustachio
  4043 | D:4      | Reached XP level 6. HP: 36/36 MP: 2/11
  4083 | D:4      | Noticed Menkaure
  4089 | D:4      | Killed Menkaure
  4090 | D:4      | Reached XP level 7. HP: 28/41 MP: 7/13
  4154 | D:4      | Noticed Pikel
  4242 | D:4      | Killed Pikel
  4243 | D:4      | Reached skill level 5 in Spellcasting
  4243 | D:4      | Reached skill level 6 in Conjurations
  4243 | D:4      | Reached XP level 8. HP: 29/46 MP: 7/15
  4905 | D:4      | Found a staircase to the Ecumenical Temple.
  4934 | Temple   | Entered the Ecumenical Temple
  5129 | Temple   | Became a worshipper of Gozag Ym Sagoz the Greedy
  5180 | D:5      | Entered Level 5 of the Dungeon
  5189 | D:5      | Bought the ring of Lust {rF++ Will- Slay+5 SInv} for 844
                  | gold pieces
  5409 | D:5      | Reached skill level 1 in Shields
  5409 | D:5      | Reached skill level 7 in Conjurations
  5409 | D:5      | Reached skill level 5 in Hexes
  6093 | D:5      | Found an ancient bone altar of Kikubaaqudgha.
  6263 | D:5      | Reached XP level 9. HP: 45/51 MP: 12/17
  6620 | D:6      | Noticed Grinder
  6626 | D:6      | Killed Grinder
  7065 | D:6      | Slain by an ogre

Illustrated notes

Levels and vault maps discovered:
D:1:      giann_bridges, layout_basic
D:2:      layout_loops_cross, ebering_ecumenical_altar_hall
D:3:      layout_basic, uniq_natasha
D:4:      layout_loops_ring, lemuel_temple_firewalk_a, uniq_pikel,
          uniq_eustachio, uniq_menkaure
D:5:      layout_cave_pods, kennysheep_mini_moat
D:6:      layout_basic, serial_bayou_crossing, uniq_grinder
Temple:   eino_temple_scatter_basement

Skill      XL: |  1  2  3  4  5  6  7  8  9 |
---------------+----------------------------+-----
Stealth        | 3 4 |  4.0
Spellcasting   | 3 4 5 6 |  6.3
Hexes          | 1 2 3 4 5 6 |  6.0
Conjurations   | 5 6 7 |  7.8
Shields        | 2 3 |  3.4
Dodging        | |  2.0

Action                   |  1- 3 |  4- 6 |  7- 9 || total
-------------------------+-------+-------+-------++-------
Melee: Spear             |     6 |       |       ||     6
       Staff             |       |     1 |     8 ||     9
       Constrict         |       |     1 |     2 ||     3
       Tentacles         |       |       |     3 ||     3
 Cast: Magic Dart        |    52 |    99 |   121 ||   272
       Searing Ray       |       |     3 |     6 ||     9
       Fulminant Prism   |       |     2 |    23 ||    25
Invok: Call Merchant     |       |       |     2 ||     2
  Use: Scroll            |     3 |       |       ||     3
Armor: Skin              |       |       |     1 ||     1
Dodge: Dodged            |     4 |    10 |    18 ||    32
